 Dungeon Crawl Stone Soup version 0.22-a0-48-g8770677 (webtiles) character file.

2288 KristoblXynda the Slasher (level 9, -8/67 HPs)
             Began as a Green Draconian Skald on Jan 7, 2018.
             Was a Follower of Cheibriados.
             Mangled by Psyche
             ... wielding a +1 dagger of chaos
              (11 damage)
             ... on level 8 of the Dungeon.
             The game lasted 00:20:11 (8487 turns).

KristoblXynda the Slasher (Green Draconian Skald)   Turns: 8487, Time: 00:20:12

Health: -8/67      AC:  9    Str: 20    XL:     9   Next: 17%
Magic:  17/17      EV: 14    Int: 19    God:    Cheibriados [*.....]
Gold:   372        SH:  0    Dex: 12    Spells: 12/19 levels left

rFire    . . .     SeeInvis .   a - +1 falchion
rCold    + . .     Gourm    +   (no shield)
rNeg     . . .     Faith    .   (armour unavailable)
rPois    +         Spirit   .   (helmet restricted)
rElec    .         Reflect  .   p - +0 cloak
rCorr    .         Harm     .   (no gloves)
MR       .....                  w - +0 pair of boots
Stlth    +.........             t - amulet of the gourmand
HPRegen  0.21/turn              m - ring of protection from cold
MPRegen  0.15/turn              q - +4 ring of strength

@: short of breath, very slow
A: breathe noxious fumes, unfitting armour, poison resistance, cold-blooded, AC
+7
a: Breathe Noxious Fumes, Bend Time, Renounce Religion


You were on level 8 of the Dungeon.
You worshipped Cheibriados.
Cheibriados was aware of your devotion.
You were not hungry.

You visited 2 branches of the dungeon, and saw 9 of its levels.
You also visited: Sewer.

You collected 372 gold pieces.

Inventory:

Hand Weapons
 a - a +1 falchion (weapon)
Missiles
 e - 3 javelins of penetration (quivered)
Armour
 p - a +0 cloak (worn)
 w - a +0 pair of boots (worn)
Jewellery
 m - a ring of protection from cold (left hand)
 q - a +4 ring of strength (right hand)
 t - an amulet of the gourmand (around neck)
Wands
 s - a wand of acid (7)
Scrolls
 d - 2 scrolls of fog {unknown}
 f - a scroll of fear {unknown}
 j - 2 scrolls of enchant weapon
 o - a scroll of remove curse
 r - 5 scrolls of teleportation
 v - a scroll of enchant armour {unknown}
 x - a scroll of brand weapon {unknown}
 y - a scroll of immolation {unknown}
Potions
 h - 3 potions of brilliance
 i - 3 potions of heal wounds
 k - 3 potions of might
 l - 6 potions of curing
 n - 3 potions of flight
 z - a potion of invisibility
 A - a potion of resistance
Books
 b - a book of Battle

   Spells                             Type                      Level
   a - Infusion                       Charms                       1
   b - Shroud of Golubria             Charms/Translocation         2
   c - Song of Slaying                Charms                       2
   d - Spectral Weapon                Hexes/Charms                 3
   e - Regeneration                   Charms/Necromancy            3
 B - a book of Misfortune

   Spells                             Type                      Level
   a - Confusing Touch                Hexes                        1
   b - Confuse                        Hexes                        3
   c - Gell's Gravitas                Translocation                3
   d - Petrify                        Transmutation/Earth          4
   e - Metabolic Englaciation         Hexes/Ice                    5
   f - Yara's Violent Unravelling     Hexes/Transmutation          5
Comestibles
 c - 12 rations


   Skills:
 - Level 2.1 Fighting
 + Level 6.4 Long Blades
 - Level 5.1 Dodging
 + Level 5.7 Spellcasting
 + Level 6.2 Charms
 + Level 3.1 Evocations


You had 12 spell levels left.
You knew the following spells:

 Your Spells              Type           Power        Failure   Level  Hunger
a - Infusion              Chrm           ####         1%          1    None
b - Regeneration          Chrm/Necr      ###.......   10%         3    ##.....
c - Spectral Weapon       Hex/Chrm       ###.....     10%         3    ##.....


Dungeon Overview and Level Annotations

Branches:
Dungeon (8/15)             Temple (1/1) D:6
   Lair: D:8-11

Altars:
Ashenzari
Cheibriados
Dithmenos
Elyvilon
Fedhas
Gozag
Hepliaklqana
Kikubaaqudgha
Makhleb
Nemelex Xobeh
Okawaru
Qazlal
Ru
Sif Muna
Trog
Vehumet
Wu Jian
Xom
Yredelemnul

Annotations:
D:8 Psyche


Innate Abilities, Weirdness & Mutations

You can breathe blasts of noxious fumes.
Your lurid green scales are hard. (AC +7)
You cannot fit into any form of body armour.
Your system is resistant to poisons. (rPois)
You are cold-blooded and may be slowed by cold attacks.


Message History

The puff of frost hits you! You resist. Psyche casts a spell at you.
The magic dart hits you!
You hit Psyche but do no damage.
Your tail-slap misses Psyche.
Psyche is heavily wounded.
Psyche hits you with a dagger of chaos! Psyche closely misses you.
You closely miss Psyche.
Your tail-slap misses Psyche.
Psyche is heavily wounded.
Psyche hits you with a dagger of chaos. x2
You barely miss Psyche.
Your tail-slap misses Psyche.
Psyche is heavily wounded.
Psyche gestures at you while chanting. The puff of flame hits you!
Psyche casts a cantrip, but nothing happens.
You hit Psyche.
Psyche is heavily wounded.
Psyche hits you with a dagger of chaos.
You are electrocuted!
* * * LOW HITPOINT WARNING * * *
Psyche hits you but does no damage.
You are electrocuted!
You die...

##### #...# #...#
#...#
######...####
......?<....# ##.
.#####......#.....
#....@@...#
#.........#.#
###.......#
#......##
...#....#
..........
.######.#.# ..#.#


You could see Psyche.

Vanquished Creatures
  The ghost of gmonis the Cudgeler, an amateur MiBe of Trog (D:4)
  Menkaure (D:6)
  An orc warrior (D:6)
  Duvessa (D:6)
  An ice beast (D:7)
  2 sky beasts
  2 ogres (D:7)
  2 centaurs (D:6)
  2 big kobolds (Sewer)
  4 bullfrogs
  Dowan (D:6)
  2 scorpions
  2 crimson imps
  2 hounds (D:7)
  2 orc priests (D:4)
  6 worker ants
  An iguana (D:6)
  3 orc wizards
  A hound skeleton (D:5)
  8 adders
  2 oozes
  A worm (D:3)
  5 dart slugs
  7 leopard geckos
  18 orcs
  6 giant cockroaches
  5 goblins
  6 hobgoblins
  8 jackals
  2 quokkas
  3 ball pythons
  14 bats
  10 frilled lizards
  16 kobolds
  A quokka skeleton (D:4)
  16 rats
165 creatures vanquished.

Notes
Turn   | Place    | Note
-------+----------+-------------------------------------------
     0 | D:1      | KristoblXynda the Draconian Skald began the quest for the Orb.
     0 | D:1      | Reached XP level 1. HP: 17/17 MP: 3/3
   109 | D:1      | Reached XP level 2. HP: 19/24 MP: 5/5
   674 | D:2      | Reached XP level 3. HP: 27/29 MP: 0/6
  1059 | D:2      | Reached XP level 4. HP: 28/36 MP: 7/7
  2254 | D:3      | Reached XP level 5. HP: 38/41 MP: 8/8
  2353 | D:4      | Found a glowing drain.
  2353 | D:4      | Noticed gmonis's ghost (amateur MiBe)
  2374 | Sewer    | Entered a sewer
  2973 | Sewer    | Learned a level 3 spell: Regeneration
  2977 | Sewer    | Learned a level 3 spell: Spectral Weapon
  3637 | Sewer    | Reached XP level 6. HP: 39/48 MP: 2/10
  4185 | D:4      | Killed gmonis's ghost
  4185 | D:4      | Your scales start taking on a lurid green colour.
  4185 | D:4      | Reached XP level 7. HP: 40/55 MP: 10/12
  4185 | D:4      | Gained mutation: Your system is resistant to poisons. (rPois) [Green Draconian growth]
  4839 | D:5      | Entered Level 5 of the Dungeon
  4906 | D:5      | Found a sparkling altar of Nemelex Xobeh.
  5553 | D:6      | Reached skill level 5 in Long Blades
  5553 | D:6      | Reached skill level 5 in Charms
  5565 | D:6      | Found a staircase to the Ecumenical Temple.
  5587 | Temple   | Entered the Ecumenical Temple
  5755 | Temple   | Became a worshipper of Cheibriados the Contemplative
  5797 | D:6      | Noticed Menkaure
  5812 | D:6      | Killed Menkaure
  5812 | D:6      | Reached XP level 8. HP: 40/61 MP: 14/14
  6116 | D:6      | Reached skill level 5 in Dodging
  6250 | D:6      | Noticed Dowan
  6251 | D:6      | Noticed Duvessa
  6266 | D:6      | Killed Duvessa
  6266 | D:6      | Reached skill level 5 in Spellcasting
  6266 | D:6      | Reached skill level 1 in Evocations
  6285 | D:6      | Killed Dowan
  6577 | D:6      | Found a sacrificial altar of Ru.
  6583 | D:6      | Found an ornate altar of the Wu Jian Council.
  7831 | D:7      | Reached XP level 9. HP: 67/67 MP: 17/17
  8216 | D:7      | Reached * piety under Cheibriados
  8279 | D:7      | Found a hazy altar of Hepliaklqana.
  8468 | D:8      | Noticed Psyche
  8487 | D:8      | HP: 3/67 [Psyche/dagger of chaos (19)]
  8487 | D:8      | Mangled by Psyche

Vault maps used:
D:1:      minmay_arrival_three_doors, serial_park_tiny_pond
D:2:      first_ration
D:4:      portal_sewer_entry_a
D:5:      marbit_many_paths
D:6:      amethyst_overflow_temple_binary, minmay_temple_entry_grid,
          hangedman_decor_slide_cut, uniq_menkaure, uniq_duvessa
D:7:      basic_altar
D:8:      dancing_weapons_uskayaw, uniq_psyche
Temple:   eino_temple_scatter_basement
Sewer:    kennysheep_pipe_town

Skill      XL: |  1  2  3  4  5  6  7  8  9 |
---------------+----------------------------+-----
Charms         | 3 4 5 6 |  6.2
Long Blades    | 3 4 5 6 |  6.4
Dodging        | 3 4 5 |  5.1
Spellcasting   | 3 4 5 |  5.7
Evocations     | 2 3 |  3.1
Fighting       | |  2.1

Action                   |  1- 3 |  4- 6 |  7- 9 || total
-------------------------+-------+-------+-------++-------
Melee: Falchion          |   105 |   214 |   334 ||   653
       Tailslap          |    15 |    25 |    70 ||   110
 Cast: Infusion          |     3 |     2 |       ||     5
       Regeneration      |       |     1 |       ||     1
 Abil: Breathe Noxious F |       |       |    13 ||    13
  Use: Scroll            |       |    13 |     4 ||    17
       Potion            |       |     1 |     2 ||     3
 Stab: Sleeping          |     1 |     1 |     1 ||     3
       Confused          |       |       |    11 ||    11
  Eat: Chunk             |       |     8 |    22 ||    30
       Ration            |       |     1 |       ||     1
Armor: Skin              |    30 |    96 |   126 ||   252
Dodge: Dodged            |    95 |   221 |   188 ||   504
       Rpst.: Falchion   |    35 |    82 |    59 ||   176

Table legend:
 A = Spawn XP
 B = Non-spawn XP
 C = Spawn XP percentage of total XP
 D = Spawn monster count
 E = Non-spawn monster count
 F = Spawn count percentage of total count
 G = Total turns spent on level
                    A         B        C        D         E        F      G
               +---------+---------+-------+---------+---------+-------+---------
         Total |       0 |    3269 |   0.0 |       0 |     165 |   0.0 |  8487
               +---------+---------+-------+---------+---------+-------+---------
           D:1 |       0 |      35 |   0.0 |       0 |      21 |   0.0 |   661
           D:2 |       0 |      62 |   0.0 |       0 |      24 |   0.0 |   539
           D:3 |       0 |      99 |   0.0 |       0 |      31 |   0.0 |  1125
           D:4 |       0 |     493 |   0.0 |       0 |      23 |   0.0 |  1088
           D:5 |       0 |     284 |   0.0 |       0 |      11 |   0.0 |   639
           D:6 |       0 |    1165 |   0.0 |       0 |      19 |   0.0 |  1610
           D:7 |       0 |     804 |   0.0 |       0 |      11 |   0.0 |  1194
           D:8 |       0 |      84 |   0.0 |       0 |       1 |   0.0 |    19
         Sewer |       0 |     243 |   0.0 |       0 |      24 |   0.0 |  1426
               +---------+---------+-------+---------+---------+-------+---------
